 Dungeon Crawl Stone Soup version 0.20.1-1-g8b1a95d (console) character file.

7383 bli the Blocker (level 11, -7/87 HPs)
             Began as a Formicid Fighter on July 30, 2017.
             Was a Priest of Makhleb.
             Killed from afar by an ice beast (15 damage)
             ... with an exploding inner flame
             ... hexed by the player character
             ... in an ice cave.
             The game lasted 01:03:21 (9146 turns).

bli the Blocker (Formicid Fighter)                  Turns: 9146, Time: 01:03:25

Health: -7/87      AC: 12    Str: 22    XL:     11   Next: 36%
Magic:  14/14      EV: 13    Int:  7    God:    Makhleb [***...]
Gold:   446        SH: 12    Dex: 13    Spells: 13/14 levels left

rFire    + . .     SeeInvis +   b - +3 quarterstaff (chaos)
rCold    . . .     Gourm    .   u - +0 shield
rNeg     . . .     Faith    .   M - +2 acid dragon scales
rPois    .         Spirit   .   (helmet unavailable)
rElec    .         Reflect  .   I - +0 cloak
rCorr    +         Harm     .   (no gloves)
MR       ++...                  y - +0 pair of boots
Stlth    ++........             (no amulet)
Regen    0.3/turn               S - ring of protection from fire
MPRegen  0.2/turn               (no ring)

@: no status effects
A: permanent stasis, dig shafts and tunnels, four strong arms, antennae 3, magic
resistance 1
a: Dig, Shaft Self, Minor Destruction, Lesser Servant of Makhleb, Renounce
Religion


You were in an ice cave.
You worshipped Makhleb.
Makhleb was most pleased with you.
You were not hungry.

You visited 3 branches of the dungeon, and saw 11 of its levels.
You also visited: Ice Cave.

You collected 446 gold pieces.

Inventory:

Hand Weapons
 a - a +1 spear of piercing
 b - a +3 quarterstaff of chaos (weapon)
 J - a +3 mace
 R - a +2 flail of holy wrath
Missiles
 e - 271 stones (quivered)
Armour
 u - a +0 shield (worn)
 y - a +0 pair of boots (worn)
 I - a +0 cloak (worn)
 M - +2 acid dragon scales (worn)
 T - a +0 large shield
Jewellery
 S - a ring of protection from fire (left hand)
Wands
 h - a wand of random effects (12/48)
 B - a wand of random effects (15/48)
 E - a wand of clouds (5/9)
Scrolls
 g - a scroll of random uselessness {unknown}
 m - 5 scrolls of enchant weapon
 o - a scroll of teleportation {unknown}
 p - 5 scrolls of remove curse
 w - a scroll of noise {unknown}
 x - 2 scrolls of magic mapping
 z - a scroll of fear
Potions
 c - a potion of haste {unknown}
 d - a potion of might
 k - a potion of agility {unknown}
 l - 4 potions of ambrosia {unknown}
 n - 2 potions of mutation {unknown}
 r - 8 potions of curing {unknown}
 t - a potion of brilliance
 v - 2 potions of invisibility {unknown}
 A - 3 potions of berserk rage {unknown}
 D - 2 potions of resistance
Books
 N - a book of Cantrips

   Spells                             Type                      Level
   a - Confusing Touch                Hexes                        1
   b - Animate Skeleton               Necromancy                   1
   c - Summon Small Mammal            Summoning                    1
   d - Apportation                    Translocation                1
Miscellaneous
 O - a sack of spiders
Comestibles
 q - 8 meat rations
 H - 3 royal jellies


   Skills:
 * Level 8.7 Fighting
 + Level 5.8(7.9) Polearms
 + Level 8.3(9.1) Staves
 + Level 6.4 Armour
 + Level 3.2 Dodging
 + Level 3.5 Stealth
 + Level 10.0 Shields
 + Level 2.0 Spellcasting
 * Level 3.5 Hexes
 * Level 2.6 Invocations


You had 13 spell levels left.
You knew the following spells:

 Your Spells              Type           Power        Failure   Level  Hunger
C - Corona                Hex            #......      11%         1    ##.....


Dungeon Overview and Level Annotations

Branches:
Dungeon (9/15)             Temple (1/1) D:6            Lair (1/6) D:9
    Orc: D:9-12

Altars:
Ashenzari
Cheibriados
Elyvilon
Fedhas
Gozag
Kikubaaqudgha
Makhleb
Qazlal
Ru
Sif Muna
Xom
Zin
The Shining One

Shops:
D:9 %

Annotations:
D:8 Objects


Innate Abilities, Weirdness & Mutations

You cannot be hasted, slowed, berserked, paralysed or teleported.
You can dig through walls and to a lower floor.
Your four strong arms can wield two-handed weapons with a shield.
You have a pair of large antennae on your head. (SInv)
You are resistant to hostile enchantments. (MR+)


Message History

Makhleb accepts your kill.
You feel better.
The fiery explosion engulfs the white ugly thing.
The white ugly thing explodes!
The fiery explosion engulfs the ice beast.
The ice beast melts!
The ice beast explodes!
The fiery explosion engulfs you! You resist.
* * * LOW HITPOINT WARNING * * *
The fiery explosion engulfs the ice beast.
The ice beast melts!
The ice beast is almost dead.
Makhleb accepts your kill.
You feel better. The fiery explosion engulfs you! You resist.
* * * LOW HITPOINT WARNING * * *
The fiery explosion engulfs the ice beast.
The ice beast melts!
The ice beast explodes!
The fiery explosion engulfs you! You resist.
You die...

#######
##.....##
##.§§§...##
##..§§§Y§..##
#...§§@§§...#
#...§§§§§...#
#....§§§....#
#.............#
#....8...8....#
#......[......#
##....[.)....##
#...:.$.[...#


You could see an ice beast (inner flame).

Vanquished Creatures
  A two-headed ogre (D:9)
  An unseen horror (D:8)
  A spiny frog (Lair:1)
  The ghost of codl the Skirmisher, a novice DsAK of Lugonu (D:6)
  5 hippogriffs
  Prince Ribbit (D:7)
  A spriggan (D:7)
  Sigmund (D:2)
  3 wyverns (D:9)
  An acid dragon (D:7)
  An orc warrior (D:7)
  2 sky beasts
  A black bear (D:7)
  A phantom (D:7)
  A hornet zombie (D:9)
  4 ice beasts
  2 ogres
  6 centaurs
  3 crocodiles (D:9)
  4 bullfrogs
  2 scorpions
  3 wights (D:5)
  4 howler monkeys
  3 crimson imps
  A bullfrog zombie (D:9)
  3 hounds
  2 centaur zombies
  2 jellies
  Crazy Yiuf (D:5)
  3 orc priests
  2 bullfrog skeletons
  Terence (D:2)
  3 iguanas
  8 orc wizards
  6 worker ants
  A hound zombie (D:6)
  3 hound skeletons (D:4)
  3 worker ant zombies
  A howler monkey skeleton (D:7)
  8 adders
  A shadow imp (D:8)
  4 oozes
  An adder zombie (D:5)
  2 worms
  2 dart slugs
  9 leopard geckos
  27 orcs
  4 bats
  6 giant cockroaches
  3 goblins
  5 hobgoblins
  18 jackals
  6 kobolds
  3 quokkas
  2 ball pythons (D:1)
  6 frilled lizards
  A jackal skeleton (D:7)
  A leopard gecko skeleton (D:4)
  A quokka zombie (D:5)
  9 rats
  A butterfly (D:6)
213 creatures vanquished.

Vanquished Creatures (others)
  A swamp drake (D:9)
  A bush (D:4)
2 creatures vanquished.

Grand Total: 215 creatures vanquished

Notes
Turn   | Place    | Note
-------+----------+-------------------------------------------
     0 | D:1      | bli the Formicid Fighter began the quest for the Orb.
     0 | D:1      | Reached XP level 1. HP: 18/18 MP: 1/1
   106 | D:1      | Reached XP level 2. HP: 24/24 MP: 2/2
   115 | D:1      | Reached skill level 4 in Shields
   343 | D:1      | Reached XP level 3. HP: 29/29 MP: 3/3
   687 | D:2      | Noticed Sigmund
   728 | D:2      | Found a white marble altar of Elyvilon.
   802 | D:2      | Noticed Terence
   827 | D:2      | Killed Terence
   827 | D:2      | Reached XP level 4. HP: 30/37 MP: 4/4
   867 | D:2      | Found an ancient bone altar of Kikubaaqudgha.
  1237 | D:3      | Reached XP level 5. HP: 36/42 MP: 5/5
  1285 | D:3      | Found a faded altar of an unknown god.
  1385 | D:3      | Reached skill level 5 in Shields
  1446 | D:3      | Found a burning altar of Makhleb.
  1446 | D:3      | Found a glowing golden altar of the Shining One.
  1449 | D:3      | Became a worshipper of Makhleb the Destroyer
  1522 | D:4      | Found a snail-covered altar of Cheibriados.
  1596 | D:4      | Found a blossoming altar of Fedhas.
  1600 | D:4      | Noticed a centaur
  1838 | D:4      | Killed a centaur
  1838 | D:4      | Reached XP level 6. HP: 27/48 MP: 6/6
  2422 | D:4      | Reached XP level 7. HP: 48/54 MP: 7/7
  2518 | D:4      | Reached skill level 1 in Dodging
  2694 | D:5      | Entered Level 5 of the Dungeon
  2751 | D:5      | Noticed a hippogriff
  2769 | D:5      | Killed a hippogriff
  2769 | D:5      | Reached skill level 5 in Polearms
  2769 | D:5      | Reached skill level 6 in Shields
  3049 | D:5      | Found an opulent altar of Gozag.
  3362 | D:5      | Reached * piety under Makhleb
  3451 | D:5      | Reached XP level 8. HP: 38/61 MP: 8/8
  3611 | D:5      | Reached skill level 5 in Armour
  4012 | D:5      | Found a runed door.
  4016 | D:5      | Noticed Crazy Yiuf
  4021 | D:5      | Killed Crazy Yiuf
  4241 | D:6      | Reached skill level 5 in Fighting
  4291 | D:6      | Noticed codl's ghost (novice DsAK)
  4478 | D:2      | Killed Sigmund
  4478 | D:2      | Reached skill level 1 in Staves
  4478 | D:2      | Reached skill level 7 in Shields
  4567 | D:2      | Found a shimmering altar of Xom.
  4567 | D:2      | Found a shimmering altar of Xom.
  4567 | D:2      | Found a shimmering altar of Xom.
  4567 | D:2      | Found a blossoming altar of Fedhas.
  4572 | D:2      | Found a radiant altar of Vehumet.
  4572 | D:2      | Found a shimmering altar of Xom.
  4706 | D:6      | Killed codl's ghost
  4706 | D:6      | Reached XP level 9. HP: 63/68 MP: 9/9
  5077 | D:6      | Reached skill level 8 in Shields
  5130 | D:6      | Reached ** piety under Makhleb
  5394 | D:6      | Found a staircase to the Ecumenical Temple.
  5411 | Temple   | Entered the Ecumenical Temple
  5549 | D:7      | Noticed Prince Ribbit
  5608 | D:7      | Found a stormy altar of Qazlal.
  5636 | D:7      | Noticed a hippogriff
  5641 | D:7      | Reached skill level 1 in Stealth
  5650 | D:7      | Killed a hippogriff
  5770 | D:7      | Reached skill level 5 in Staves
  5806 | D:7      | Identified Sif Muna's Grimoire of Execration
  5810 | D:7      | Learned a level 1 spell: Corona
  5830 | D:7      | Noticed a hippogriff
  5837 | D:7      | Killed a hippogriff
  5860 | D:7      | Reached skill level 9 in Shields
  5913 | D:7      | Killed Prince Ribbit
  5913 | D:7      | Reached skill level 1 in Hexes
  5913 | D:7      | Reached XP level 10. HP: 53/76 MP: 10/10
  6169 | D:7      | Found a glowing silver altar of Zin.
  6575 | D:7      | Found a deep blue altar of Sif Muna.
  7164 | D:8      | Noticed an unseen horror
  7187 | D:8      | Reached *** piety under Makhleb
  7234 | D:8      | Killed an unseen horror
  7234 | D:8      | Reached skill level 1 in Spellcasting
  7915 | D:9      | Found a sacrificial altar of Ru.
  7933 | D:9      | Found a shattered altar of Ashenzari.
  7970 | D:9      | Found Dedin's Food Emporium.
  8075 | D:9      | Noticed a two-headed ogre
  8147 | D:9      | Killed a two-headed ogre
  8147 | D:9      | Reached skill level 10 in Shields
  8147 | D:9      | Reached XP level 11. HP: 37/86 MP: 14/14
  8153 | D:9      | Gained mutation: You are resistant to hostile enchantments. (MR+) [mutagenic meat]
  8760 | D:9      | Reached skill level 1 in Invocations
  8841 | D:9      | Found a staircase to the Lair.
  8871 | Lair:1   | Entered Level 1 of the Lair of Beasts
  9063 | Lair:1   | Found a frozen archway.
  9135 | IceCv    | Entered an ice cave
  9135 | IceCv    | Noticed a white ugly thing
  9146 | IceCv    | Killed a white ugly thing
  9146 | IceCv    | Killed from afar by an ice beast

Skill      XL: |  1  2  3  4  5  6  7  8  9 10 11 |
---------------+----------------------------------+-----
Shields        | 4 5 6 7 9 10 | 10.0
Polearms       | 3 4 5 |  5.8
Fighting       | 4 5 6 8 |  8.7
Armour         | 4 5 6 |  6.4
Dodging        | 1 2 3 |  3.2
Staves         | 3 5 7 8 |  8.3
Stealth        | 1 3 |  3.5
Hexes          | 1 3 |  3.5
Spellcasting   | 2 |  2.0
Invocations    | 2 |  2.6

Action                   |  1- 3 |  4- 6 |  7- 9 | 10-12 || total
-------------------------+-------+-------+-------+-------++-------
Melee: Trident           |    90 |   172 |   157 |       ||   419
       Quarterstaff      |       |       |   232 |   235 ||   467
       Spear             |       |       |       |    17 ||    17
 Cast: Corona            |       |       |       |     4 ||     4
 Abil: Dig               |     3 |       |     6 |     4 ||    13
  Use: Scroll            |       |     1 |     9 |     6 ||    16
       Potion            |       |       |       |     1 ||     1
 Stab: Petrifying        |       |       |     1 |       ||     1
       Paralysed         |       |       |     3 |       ||     3
       Sleeping          |       |       |       |     5 ||     5
       Confused          |       |       |       |     1 ||     1
  Eat: Chunk             |       |     5 |    12 |    13 ||    30
Armor: Scale mail        |    20 |    36 |       |       ||    56
       Chain mail        |       |    20 |   166 |     9 ||   195
       Acid dragon scale |       |       |       |    50 ||    50
Dodge: Dodged            |    15 |    60 |    92 |    90 ||   257
Block: Shield            |    28 |    97 |   229 |   135 ||   489
